Map: Incorporeal LE

Players

Serral - Winner!

  • Race: Zerg Zerg
  • Spawn Location: 5:00

FalconsSolar (Solar)

  • Race: Zerg Zerg
  • Spawn Location: 11:00

Event: DreamHack Dallas 2025

VOD

Have the link to the VOD?

Description

Time

  • Played on: May 24, 2025, 1:02 p.m.
  • Length: 16:39

All games in this series

Show
View Real Time Build Order
Export as new Build Order

Serral Zerg - Winner!

Build Orders: Hatch First 

Get SALT Encoding   

  12  0:00  Drone  
  13  0:09  Drone  
  13  0:14  Drone, Extractor  
  15  0:21  Overlord  
  15  0:40  Drone  
  16  0:45  Hatchery  
  16  0:48  Drone  
  16  0:52  Drone  
  16  0:56  Drone  
  18  1:05  Extractor  
  18  1:11  Spawning Pool  
  16  1:14  Drone  
  16  1:17  Drone  
  18  1:26  Drone  
  19  1:37  Drone  
  20  1:47  Drone  
  21  1:57  Queen x2  
  21  1:58  Zergling x2  
  21  1:59  Overlord  
  26  2:06  Metabolic Boost  
  27  2:08  Drone  
  27  2:11  Drone  
  28  2:19  Drone  
  28  2:20  Zergling x2  
  30  2:29  Drone  
  31  2:30  Drone  
  31  2:36  Hatchery  
  31  2:40  Drone  
  32  2:44  Baneling Nest  
  32  2:48  Overlord  
  31  2:53  Drone  
  31  2:55  Drone  
  33  3:05  Drone  
  33  3:06  Drone  
  33  3:07  Zergling x4  
  33  3:10  Overlord  
  33  3:11  Zergling x2  
  37  3:13  Zergling x2  
  37  3:14  Drone  
  37  3:18  Drone  
  40  3:22  Queen  
  40  3:26  Drone  
  43  3:32  Drone x2  
  45  3:37  Zergling x2, Roach Warren  
  45  3:39  Drone  
  45  3:40  Drone  
  47  3:42  Drone  
  47  3:46  Overlord  
  47  3:48  Baneling x2  
  48  3:52  Zergling x4  
  48  3:55  Drone x2  
  52  3:57  Drone  
  50  4:02  Drone  
  50  4:03  Drone x2  
  50  4:08  Zergling x6  
  52  4:10  Drone  
  52  4:11  Drone  
  52  4:13  Overlord  
  52  4:14  Baneling  
  54  4:18  Zergling x4  
  54  4:22  Zergling x4  
  57  4:24  Drone  
  57  4:25  Spore Crawler  
  57  4:29  Drone, Extractor  
  57  4:30  Extractor  
  57  4:32  Drone x2, Spore Crawler  
  57  4:36  Overlord  
  59  4:39  Lair  
  59  4:43  Evolution Chamber  
  59  4:44  Drone x2  
  59  4:45  Drone  
  60  4:46  Drone  
  60  4:51  Overlord  
  61  4:55  Roach x2  
  61  4:57  Drone x2  
  61  4:59  Overlord  
  67  5:05  Roach  
  67  5:06  Roach  
  69  5:11  Drone, Extractor  
  69  5:17  Drone x2  
  69  5:18  Roach x2  
  75  5:24  Drone x2, Overlord  
  75  5:25  Roach  
  79  5:31  Roach x3  
  85  5:37  Roach x2  
  85  5:39  Roach x2  
  92  5:45  Roach  
  92  5:47  Roach  
  92  5:48  Roach x2  
  100  5:51  Overlord  
  100  5:54  Roach x2  
  104  5:58  Roach  
  104  5:59  Overlord x2  
  104  6:04  Spine Crawler  
  104  6:05  Spine Crawler, Baneling x4  
  104  6:06  Ravager, Baneling  
  104  6:09  Baneling x3  
  106  6:11  Roach  
  106  6:13  Roach  
  108  6:20  Roach x3  
  110  6:28  Roach x5  
  104  6:35  Roach x3  
  104  6:37  Roach  
  96  6:40  Roach x2  
  96  6:43  Roach  
  96  6:46  Roach  
  94  6:49  Roach x2  
  94  6:52  Roach  
  96  6:55  Roach  
  96  6:56  Roach  
  96  6:57  Roach  
  95  7:02  Queen  
  95  7:07  Zerg Missile Weapons Level 1  
  97  7:08  Queen  
  97  7:12  Roach  
  97  7:13  Roach  
  97  7:15  Roach  
  105  7:17  Roach  
  105  7:21  Roach  
  105  7:22  Roach  
  110  7:23  Roach  
  112  7:30  Drone x4  
  112  7:36  Drone x2, Glial Reconstitution  
  116  7:39  Drone x2  
  116  7:42  Overlord  
  116  7:43  Overseer  
  118  7:48  Drone x3, Extractor  
  120  7:51  Drone  
  120  7:56  Overseer, Pneumatized Carapace  
  121  7:59  Overlord x2  
  121  8:05  Drone  
  122  8:11  Overlord  
  122  8:13  Drone x3  
  122  8:16  Drone x2, Evolution Chamber, Extractor  
  122  8:19  Roach x5  
  135  8:22  Overlord  
  135  8:25  Overseer, Overlord  
  135  8:30  Roach x2  
  139  8:36  Overlord  
  139  8:37  Roach  
  141  8:45  Roach x5  
  151  8:52  Zerg Ground Armor Level 1  
  151  8:57  Roach  
  151  8:58  Roach x2  
  157  9:05  Zerg Missile Weapons Level 2  
  157  9:06  Ravager x2  
  157  9:07  Hatchery  
  158  9:10  Roach x2  
  158  9:17  Overlord  
  162  9:18  Roach x5  
  162  9:24  Burrow  
  172  9:28  Roach x4  
  180  9:35  Tunneling Claws  
  180  9:44  Roach x6  
  192  9:51  Drone x2, Overlord  
  194  9:54  Overlord  
  194  9:59  Overlord x2  
  194  10:00  Overseer x2  
  194  10:01  Overseer  
  194  10:10  Roach x2  
  194  10:11  Ravager x2  
  200  10:15  Overseer  
  200  10:20  Overseer  
  200  10:40  Roach x4  
  194  10:42  Drone x14  
  194  10:43  Drone x6  
  194  10:47  Roach x3  
  197  10:54  Overseer  
  195  11:01  Roach x3  
  195  11:02  Extractor  
  198  11:05  Zerg Ground Armor Level 2, Roach  
  198  11:06  Roach x3  
  198  11:08  Drone x20  
  198  11:09  Drone x2  
  196  11:15  Roach x38  
  196  11:22  Extractor  
  196  11:24  Extractor, Hydralisk Den  
  189  11:26  Roach x2  
  189  11:27  Hatchery  
  188  11:37  Roach x2  
  188  11:38  Spine Crawler  
  185  11:47  Roach x2  
  185  11:50  Roach x32  
  185  11:51  Roach  
  185  11:52  Roach x6  
  195  12:06  Muscular Augments  
  195  12:07  Roach x5  
  197  12:14  Hydralisk x3  
  197  12:15  Hydralisk  
  199  12:21  Hydralisk  
  199  12:28  Hydralisk x3  
  199  12:31  Roach  
  199  12:32  Roach x2  
  199  12:36  Hydralisk x11  
  196  12:42  Roach x2  
  196  12:43  Hydralisk, Roach x14  
  196  12:44  Roach x7  
  192  12:46  Drone x5  
  192  12:47  Roach  
  192  12:51  Roach x3  
  186  12:55  Hydralisk  
  178  13:00  Spore Crawler x2  
  178  13:01  Hydralisk x4, Spore Crawler  
  169  13:09  Hydralisk x2  
  169  13:10  Grooved Spines  
  169  13:11  Drone x4  
  165  13:14  Spore Crawler  
  165  13:15  Drone  
  165  13:16  Drone x2  
  167  13:21  Ravager x2  
  167  13:22  Roach x2  
  167  13:26  Roach x2  
  172  13:32  Roach x2  
  176  13:36  Hydralisk x2  
  180  13:47  Hydralisk  
  180  13:48  Hydralisk x2  
  186  13:49  Roach x2  
  186  14:02  Roach x7  
  200  14:06  Drone x6  
  200  14:07  Drone x2  
  200  14:09  Roach  
  200  14:12  Overseer  
  200  14:18  Overlord x2  
  200  14:20  Overlord  
  200  14:21  Overlord  
  200  14:25  Overlord  
  200  14:26  Roach  
  200  14:29  Overlord  
  200  14:32  Overlord  
  200  14:34  Overlord  
  194  14:43  Roach x3  
  196  14:52  Drone x3  
  199  14:54  Spore Crawler  
  199  14:56  Drone x4  
  200  15:10  Overseer  
  200  15:40  Infestation Pit  
  193  15:51  Roach x5  
  197  16:20  Roach x4  
Show
View Real Time Build Order
Export as new Build Order

FalconsSolar Zerg 

Build Orders: Hatch First 

Get SALT Encoding   

  12  0:00  Drone  
  13  0:08  Drone  
  14  0:14  Drone, Extractor  
  15  0:22  Overlord  
  15  0:41  Drone x2  
  17  0:49  Hatchery  
  16  0:52  Drone  
  16  0:55  Drone  
  18  1:03  Extractor  
  17  1:10  Spawning Pool  
  16  1:13  Drone  
  16  1:17  Drone  
  18  1:27  Drone  
  19  1:38  Drone  
  20  1:50  Drone  
  21  2:00  Queen x2  
  26  2:01  Zergling x2  
  26  2:02  Overlord  
  26  2:06  Metabolic Boost  
  26  2:10  Drone  
  26  2:11  Drone  
  28  2:22  Drone, Zergling x2  
  30  2:34  Hatchery  
  30  2:35  Drone  
  30  2:36  Drone  
  31  2:46  Drone  
  31  2:47  Baneling Nest  
  31  2:51  Drone  
  32  2:52  Overlord  
  32  2:57  Drone  
  33  3:03  Zergling x2  
  34  3:07  Drone  
  34  3:09  Drone  
  34  3:12  Zergling x4  
  38  3:13  Drone x3  
  38  3:18  Evolution Chamber  
  40  3:20  Overlord  
  40  3:23  Drone  
  41  3:28  Drone  
  41  3:31  Baneling  
  41  3:32  Drone  
  43  3:39  Zergling x4  
  43  3:40  Drone x4  
  49  3:45  Zerg Missile Weapons Level 1  
  49  3:51  Queen  
  51  3:55  Roach Warren  
  51  3:58  Drone x2  
  51  4:00  Extractor  
  50  4:04  Overlord  
  50  4:06  Drone  
  50  4:08  Drone x2  
  50  4:09  Drone  
  53  4:10  Zergling x2  
  53  4:12  Zergling x2  
  53  4:13  Zergling x2  
  56  4:17  Drone  
  56  4:18  Drone  
  56  4:21  Drone  
  56  4:22  Overlord  
  58  4:24  Drone  
  58  4:26  Zergling x4  
  58  4:29  Drone  
  61  4:31  Extractor  
  61  4:32  Overlord  
  61  4:37  Baneling x2  
  61  4:38  Roach x2  
  63  4:41  Roach  
  63  4:43  Roach x2  
  69  4:46  Roach  
  69  4:48  Roach  
  69  4:51  Roach x2  
  77  4:56  Roach  
  77  4:58  Overlord  
  79  5:06  Roach x3  
  81  5:13  Overlord x3  
  80  5:16  Roach  
  80  5:17  Roach  
  84  5:22  Roach x2  
  87  5:29  Roach  
  87  5:32  Overlord, Roach  
  87  5:33  Roach  
  93  5:37  Roach x2  
  93  5:42  Zergling x8  
  101  5:46  Zergling x8  
  101  5:47  Ravager  
  106  5:51  Zergling x2  
  106  5:54  Overlord  
  107  5:57  Zergling x2  
  107  5:59  Zergling x2  
  107  6:01  Zergling x4  
  111  6:04  Zergling x6  
  111  6:07  Baneling x6  
  111  6:08  Baneling  
  111  6:09  Zergling x2  
  115  6:11  Zergling x2  
  115  6:12  Zergling x2  
  115  6:18  Zergling x2  
  117  6:21  Zergling x8  
  117  6:24  Zergling x2  
  118  6:27  Roach  
  118  6:29  Zergling x8  
  97  6:33  Zergling x8  
  97  6:38  Zergling x2  
  90  6:42  Ravager  
  90  6:43  Zergling x4  
  88  6:47  Zergling x2  
  88  6:48  Lair  
  88  6:52  Zergling x8  
  84  6:59  Roach  
  84  7:00  Roach  
  82  7:02  Drone  
  82  7:06  Roach x2  
  82  7:07  Drone x2, Roach x2  
  93  7:10  Drone  
  93  7:12  Drone  
  93  7:14  Drone  
  96  7:16  Drone  
  96  7:17  Drone  
  96  7:18  Drone  
  96  7:20  Extractor  
  96  7:21  Drone  
  97  7:23  Drone  
  97  7:26  Drone  
  97  7:29  Drone  
  98  7:35  Drone x2  
  98  7:36  Extractor  
  99  7:38  Drone x2  
  99  7:39  Drone  
  99  7:40  Roach x2  
  99  7:41  Ravager  
  99  7:42  Ravager x2  
  99  7:43  Ravager  
  108  7:44  Overlord  
  108  7:45  Roach x2  
  108  7:47  Glial Reconstitution  
  108  7:49  Drone  
  113  7:51  Drone  
  113  7:53  Roach  
  113  7:54  Roach  
  113  7:56  Overlord  
  118  7:58  Overseer  
  118  8:00  Roach  
  118  8:03  Roach x2  
  124  8:06  Roach  
  124  8:07  Roach  
  124  8:10  Roach x2  
  132  8:13  Roach x2  
  132  8:19  Roach x3  
  142  8:20  Roach  
  142  8:23  Roach  
  142  8:26  Overlord  
  146  8:31  Overlord  
  146  8:37  Extractor  
  146  8:39  Overlord  
  146  8:40  Overlord  
  145  8:44  Pneumatized Carapace  
  145  8:46  Roach x3  
  145  8:48  Zerg Missile Weapons Level 2  
  151  8:52  Roach x4  
  151  8:54  Overlord  
  159  9:04  Burrow  
  159  9:07  Tunneling Claws  
  159  9:09  Hatchery  
  158  9:10  Roach  
  158  9:13  Ravager, Roach  
  158  9:15  Roach  
  158  9:16  Roach  
  167  9:18  Roach  
  167  9:20  Roach  
  167  9:22  Roach  
  172  9:25  Roach  
  172  9:27  Overlord  
  172  9:31  Roach x2  
  178  9:34  Roach x2  
  178  9:36  Ravager  
  178  9:38  Overlord  
  183  9:46  Roach x4  
  183  9:51  Spore Crawler  
  192  9:53  Roach  
  192  9:56  Roach x2  
  192  9:57  Ravager  
  192  9:58  Drone  
  198  10:00  Roach  
  200  10:29  Roach x7  
  200  10:40  Roach x4  
  193  10:43  Roach x2  
  193  10:48  Roach x2  
  193  10:49  Roach x10  
  197  10:50  Roach  
  197  10:51  Roach  
  197  10:56  Spire  
  197  10:57  Extractor  
  194  10:59  Roach x2  
  194  11:02  Spine Crawler, Roach  
  194  11:03  Roach  
  196  11:04  Zerg Ground Armor Level 1  
  196  11:06  Roach x2  
  196  11:07  Roach x2  
  196  11:08  Roach  
  196  11:09  Roach  
  196  11:11  Roach  
  196  11:12  Roach  
  196  11:14  Spine Crawler  
  196  11:15  Overseer  
  196  11:17  Queen  
  196  11:18  Roach x2  
  196  11:20  Roach x5  
  192  11:26  Spine Crawler  
  192  11:27  Roach  
  192  11:28  Roach x2  
  195  11:33  Overseer  
  195  11:35  Queen  
  195  11:38  Drone x2  
  197  11:43  Roach x6  
  199  11:59  Extractor, Roach x2  
  199  12:00  Drone x2  
  197  12:14  Mutalisk x2  
  199  12:19  Mutalisk  
  199  12:20  Mutalisk  
  199  12:24  Mutalisk x2  
  199  12:25  Mutalisk x2  
  199  12:26  Mutalisk  
  199  12:29  Mutalisk  
  191  12:35  Mutalisk  
  191  12:36  Roach x6  
  185  12:39  Roach  
  185  12:42  Roach  
  173  12:45  Roach  
  173  12:48  Roach  
  173  12:50  Roach  
  160  12:53  Roach x2  
  158  12:59  Roach x4  
  158  13:01  Roach x2  
  158  13:04  Roach x2  
  158  13:08  Roach x2  
  158  13:11  Roach  
  160  13:13  Roach  
  160  13:14  Ravager x3  
  160  13:17  Ravager  
  168  13:20  Roach  
  168  13:22  Roach  
  168  13:29  Roach x4  
  168  13:30  Ravager  
  177  13:36  Roach x2  
  177  13:38  Roach  
  177  13:41  Roach  
  185  13:43  Roach x2  
  185  13:44  Ravager x6, Roach x2  
  191  13:49  Overlord x2  
  190  13:55  Overlord  
  190  13:59  Zerg Ground Armor Level 2  
  190  14:08  Roach x4  
  198  14:13  Queen  
  198  14:15  Overseer, Roach  
  197  14:17  Roach  
  197  14:21  Roach x4  
  198  14:30  Roach  
  198  14:31  Roach  
  198  14:32  Drone x7  
  198  14:36  Roach x4  
  198  14:38  Roach x3  
  190  14:41  Roach x2  
  190  14:47  Roach x2  
  189  15:00  Roach x5  
  189  15:05  Overseer  
  199  15:25  Hatchery  
  194  15:29  Roach x2  
  194  15:33  Roach  
  194  15:35  Overlord  
  198  15:36  Overseer  
  198  15:40  Overlord  
  196  15:44  Overlord  
  196  15:48  Roach  
  196  15:49  Roach x2  
  182  15:50  Roach x2  
  182  15:51  Roach x2  
  182  15:52  Overlord  
  182  15:56  Roach x2  
  184  15:59  Roach  
  184  16:02  Roach  
  184  16:03  Ravager  
  185  16:08  Roach x2  
  185  16:11  Roach  
  185  16:15  Roach  
  185  16:16  Roach  
Tags
 
Add a new tag
Caveats
  • Supply blocks, unpowered buildings, or Contaminate may cause inaccurate times.
  • Supply counts are checked every 10 seconds.